 Dungeon Crawl Stone Soup version 0.21.1-1-g345015f (webtiles) character file.

130 kae the Skirmisher (level 4, -6/41 HPs)
             Began as a Minotaur Fighter on June 18, 2018.
             Mangled by an ogre
             ... wielding a +0 giant club
              (23 damage)
             ... on level 3 of the Dungeon.
             The game lasted 00:01:00 (1513 turns).

kae the Skirmisher (Minotaur Fighter)               Turns: 1513, Time: 00:01:01

Health: -6/41      AC:  8    Str: 20    XL:     4   Next: 89%
Magic:  3/3        EV:  7    Int:  6    God:
Gold:   173        SH:  8    Dex: 10    Spells: 3/3 levels left

rFire    . . .     SeeInvis .   o - +1 flail (drain)
rCold    . . .     Gourm    .   c - +0 shield
rNeg     . . .     Faith    .   p - +2 scale mail {MR+}
rPois    .         Spirit   .   (helmet restricted)
rElec    .         Reflect  .   (no cloak)
rCorr    .         Harm     .   (no gloves)
MR       +....                  (no boots)
Stlth    ..........             (no amulet)
HPRegen  0.13/turn              (no ring)
MPRegen  0.08/turn              (no ring)

@: heavily drained
A: retaliatory headbutt, horns 2
a: no special abilities


You were on level 3 of the Dungeon.
You were not hungry.

You visited 1 branch of the dungeon, and saw 3 of its levels.

You collected 173 gold pieces.

Inventory:

Hand Weapons
 o - a +1 flail of draining (weapon)
Armour
 c - a +0 shield (worn)
 p - a +2 scale mail of magic resistance (worn)
Jewellery
 j - an uncursed ring of protection from cold {unknown}
Scrolls
 g - 4 scrolls of identify {unknown}
 h - 3 scrolls of teleportation {unknown}
 i - a scroll of fog {unknown}
 l - a scroll of magic mapping {unknown}
 n - a scroll of enchant armour {unknown}
Potions
 d - a potion of might
 e - a potion of brilliance {unknown}
 k - a potion of curing {unknown}
 m - a potion of heal wounds {unknown}
Comestibles
 f - 6 rations


   Skills:
 + Level 4.4(3.0) Fighting
 * Level 4.3(2.9) Maces & Flails
 + Level 4.4(3.0) Armour
 + Level 2.0(0.7) Dodging
 - Level 3.6(2.2) Shields


You had 3 spell levels left.
You didn't know any spells.

Dungeon Overview and Level Annotations

Branches:
Dungeon (3/15)

Altars:
Hepliaklqana


Innate Abilities, Weirdness & Mutations

You reflexively headbutt those who attack you in melee.
You have a pair of horns on your head.


Message History

Your base Dodging skill increases to level 2!
No target in view!
A kobold and an ogre come into view.
The kobold shouts!
The ogre shouts!
The ogre hits you with a giant club!!
Ouch! That really hurt!
An ogre is nearby!
You are too injured to fight recklessly!
You are too injured to fight recklessly!
An ogre is nearby!
You are too injured to fight recklessly!
You are too injured to fight recklessly!
An ogre is nearby!
You are too injured to fight recklessly!
You are too injured to fight recklessly!
You hit the ogre.
The ogre is lightly wounded.
The ogre hits you with a giant club!!
Ouch! That really hurt!
You die...

.###.##..##....###...#
.##..................###
.......................
.##..##..##..........#
.##..##..##....#.....#
.....##..##..........##.
.....##..##.............
.##..##..##....#..#..##.
.........##....#@.......
.........##..).##O#K.#..
.# ## #....# .# K...
#....# .. ... .....# ##.
.. ....... .. . .. ##.


You could see an ogre and a kobold.

Vanquished Creatures
  A jelly (D:2)
  Terence (D:3)
  4 adders
  An ooze (D:2)
  A worm (D:3)
  A dart slug (D:2)
  2 leopard geckos
  6 bats
  3 giant cockroaches (D:2)
  4 goblins
  3 hobgoblins (D:2)
  2 quokkas
  3 frilled lizards
  2 kobolds (D:2)
  4 rats
38 creatures vanquished.

Notes
Turn   | Place    | Note
-------+----------+-------------------------------------------
     0 | D:1      | kae the Minotaur Fighter began the quest for the Orb.
     0 | D:1      | Reached XP level 1. HP: 19/19 MP: 0/0
   653 | D:2      | Reached XP level 2. HP: 27/27 MP: 1/1
   696 | D:2      | Found a hazy altar of Hepliaklqana.
   700 | D:2      | Reached skill level 1 in Dodging
   760 | D:2      | Reached XP level 3. HP: 33/33 MP: 2/2
   769 | D:2      | Reached XP level 4. HP: 38/40 MP: 3/3
  1078 | D:3      | Noticed Terence
  1090 | D:3      | Killed Terence
  1510 | D:3      | Noticed an ogre
  1513 | D:3      | Mangled by an ogre

Skill      XL: |  1  2  3  4 |
---------------+-------------+-----
Maces & Flails | 3 4 |  4.3
Dodging        | 1 2 |  2.0
Armour         | 4 |  4.4
Fighting       | 4 |  4.4
Shields        | |  3.6

Action                   |  1- 3 |  4- 6 || total
-------------------------+-------+-------++-------
Melee: Flail             |    45 |    33 ||    78
       Headbutt          |     8 |     7 ||    15
  Eat: Chunk             |       |     2 ||     2
Armor: Scale mail        |    28 |     9 ||    37
Dodge: Dodged            |    20 |    16 ||    36
Block: Shield            |    20 |    18 ||    38
